TOP OF THE 1ST |
San Francisco Giants batting - Pitching for Arizona Diamondbacks : RHP Trevor Williams
|
Pitching: RHP Trevor Williams
|
|
Batting: LHB Cavan Biggio
|
0-0: Ball 1-0: Ball 2-0: Called Strike 2-1: SINGLE (Line Drive, 78S, EV 103.1 MPH)
|
Batting: RHB Yairo Munoz
|
0-0: Ball 1-0: Swinging Strike 1-1: Fly out, F7 (Flyball, 7LM, EV 89.4 MPH)
|
Batting: RHB Austin Slater
|
0-0: Ball 1-0: Ball 2-0: Ball 3-0: Called Strike 3-1: Called Strike 3-2: Strikes out looking
|
Batting: LHB Billy McKinney
|
0-0: Foul Ball, location: 2F 0-1: Called Strike 0-2: Strikes out looking
|
Top of the 1st over - 0 runs, 1 hit, 0 errors, 1 left on base; San Francisco 0 - Arizona 0 |
BOTTOM OF THE 1ST |
Arizona Diamondbacks batting - Pitching for San Francisco Giants : RHP Tyler Chatwood
|
Pitching: RHP Tyler Chatwood
|
|
Batting: RHB Ramon Laureano
|
0-0: Foul Ball, location: 2F 0-1: Ball 1-1: Foul Ball, location: 2F 1-2: Foul Ball, location: 2F 1-2: Strikes out swinging
|
Batting: LHB Raimel Tapia
|
0-0: Ball 1-0: Ball 2-0: Fly out, F8 (Flyball, 8LM, EV 91.9 MPH)
|
Batting: RHB Gleyber Torres
|
0-0: Ball 1-0: Foul Ball, location: 2F 1-1: Ball 2-1: Ball 3-1: Foul Ball, location: 2F 3-2: SINGLE (Flyball, 56D, EV 91.3 MPH)
|
Batting: RHB Anthony Rendon
|
0-0: Ball 1-0: Ball 2-0: Foul Ball, location: 2F 2-1: Ball 3-1: SINGLE (Line Drive, 7S, EV 108.8 MPH) Gleyber Torres to second
|
Batting: RHB Fernando Tatis Jr.
|
0-0: Fielders Choice at 2nd, 6-4 (Groundball, 6, EV 81.9 MPH)
|
Bottom of the 1st over - 0 runs, 2 hits, 0 errors, 2 left on base; San Francisco 0 - Arizona 0 |
TOP OF THE 2ND |
San Francisco Giants batting - Pitching for Arizona Diamondbacks : RHP Trevor Williams
|
Batting: RHB Welington Castillo
|
0-0: Called Strike 0-1: Called Strike 0-2: Ball 1-2: Strikes out swinging
|
Batting: LHB Ryan Schimpf
|
0-0: Called Strike 0-1: Ball 1-1: Called Strike 1-2: Ball 2-2: Ball 3-2: Foul Ball, location: 2F 3-2: SINGLE (Groundball, 4D, EV 98.1 MPH)
|
Batting: RHB David Bote
|
0-0: Ball 1-0: Called Strike 1-1: Foul Ball, location: 2F 1-2: Foul Ball, location: 2F 1-2: Grounds into double play, 5-4-3 (Groundball, 56S, EV 84.4 MPH)
|
Top of the 2nd over - 0 runs, 1 hit, 0 errors, 0 left on base; San Francisco 0 - Arizona 0 |
BOTTOM OF THE 2ND |
Arizona Diamondbacks batting - Pitching for San Francisco Giants : RHP Tyler Chatwood
|
Batting: LHB Ryan McMahon
|
0-0: Ball 1-0: Fly out, F8 (Flyball, 78D, EV 98.1 MPH)
|
Batting: LHB Josh Reddick
|
0-0: Ball 1-0: Called Strike 1-1: Ground out 5-3 (Groundball, 56S, EV 87.5 MPH)
|
Batting: SHB Francisco Mejia
|
0-0: Ball 1-0: Foul Ball, location: 2F 1-1: Swinging Strike 1-2: Ground out 6-3 (Groundball, 56, EV 80.0 MPH)
|
Bottom of the 2nd over - 0 runs, 0 hits, 0 errors, 0 left on base; San Francisco 0 - Arizona 0 |
TOP OF THE 3RD |
San Francisco Giants batting - Pitching for Arizona Diamondbacks : RHP Trevor Williams
|
Batting: LHB Steven Duggar
|
0-0: Fly out, F8 (Flyball, 8RM, EV 86.9 MPH)
|
Batting: RHB Tyler Chatwood
|
0-0: Ground out U3 (Groundball, 34S, EV 90.0 MPH)
|
Batting: LHB Cavan Biggio
|
0-0: Called Strike 0-1: Ball 1-1: SINGLE (Line Drive, 7S, EV 105.6 MPH)
|
Batting: RHB Yairo Munoz
|
0-0: Ball 1-0: Called Strike 1-1: Fly out, F1 (Line Drive, P, EV 71.3 MPH)
|
Top of the 3rd over - 0 runs, 1 hit, 0 errors, 1 left on base; San Francisco 0 - Arizona 0 |
BOTTOM OF THE 3RD |
Arizona Diamondbacks batting - Pitching for San Francisco Giants : RHP Tyler Chatwood
|
Batting: RHB Trevor Williams
|
0-0: Ball 1-0: Ball 2-0: Foul Ball, location: 2F 2-1: Foul Ball, location: 2F 2-2: Ball 3-2: Base on Balls
|
Batting: RHB Ramon Laureano
|
0-0: Swinging Strike 0-1: Fielders Choice at 2nd, 3-6 (Groundball, 34, EV 86.9 MPH)
|
Batting: LHB Raimel Tapia
|
0-0: Ball 1-0: Ball 2-0: Called Strike 2-1: Swinging Strike 2-2: Ball 3-2: Grounds into double play, 4-6-3 (Groundball, 34, EV 102.5 MPH)
|
Bottom of the 3rd over - 0 runs, 0 hits, 0 errors, 0 left on base; San Francisco 0 - Arizona 0 |
TOP OF THE 4TH |
San Francisco Giants batting - Pitching for Arizona Diamondbacks : RHP Trevor Williams
|
Batting: RHB Austin Slater
|
0-0: Ground out 5-3 (Groundball, 56, EV 106.3 MPH)
|
Batting: LHB Billy McKinney
|
0-0: Called Strike 0-1: Foul Ball, location: 2F 0-2: Ball 1-2: Ball 2-2: Ball 3-2: DOUBLE (Line Drive, 7LD, EV 101.3 MPH)
|
Batting: RHB Welington Castillo
|
0-0: Called Strike 0-1: Ball 1-1: Fly out, F8 (Flyball, 8RXD, EV 82.5 MPH) Runner from 2nd tags up, SAFE at 3rd, no throw by CF
|
Batting: LHB Ryan Schimpf
|
0-0: Foul Ball, location: 2F 0-1: Ball 1-1: Ball 2-1: Ball 3-1: Foul Ball, location: 2F 3-2: Ground out 4-3 (Groundball, 4, EV 104.4 MPH)
|
Top of the 4th over - 0 runs, 1 hit, 0 errors, 1 left on base; San Francisco 0 - Arizona 0 |
BOTTOM OF THE 4TH |
Arizona Diamondbacks batting - Pitching for San Francisco Giants : RHP Tyler Chatwood
|
Batting: RHB Gleyber Torres
|
0-0: Called Strike 0-1: Ball 1-1: Ball 2-1: Ball 3-1: Ground out 6-3 (Groundball, 6, EV 85.6 MPH)
|
Batting: RHB Anthony Rendon
|
0-0: Called Strike 0-1: Ball 1-1: Ball 2-1: Swinging Strike 2-2: Ball 3-2: Ground out U3 (Groundball, 3L, EV 83.1 MPH)
|
Batting: RHB Fernando Tatis Jr.
|
0-0: Ball 1-0: Swinging Strike 1-1: Called Strike 1-2: SINGLE (Groundball, 6S, EV 66.3 MPH) (infield hit)
|
Batting: LHB Ryan McMahon
|
0-0: Ball 1-0: Fielders Choice at 2nd, U6 (Groundball, 4M, EV 89.4 MPH)
|
Bottom of the 4th over - 0 runs, 1 hit, 0 errors, 1 left on base; San Francisco 0 - Arizona 0 |
TOP OF THE 5TH |
San Francisco Giants batting - Pitching for Arizona Diamondbacks : RHP Trevor Williams
|
Batting: RHB David Bote
|
0-0: Called Strike 0-1: Foul Ball, location: 2F 0-2: Ground out 6-3 (Groundball, 6, EV 84.4 MPH)
|
Batting: LHB Steven Duggar
|
0-0: Foul Ball, location: 2F 0-1: Foul Ball, location: 2F 0-2: Foul Ball, location: 2F 0-2: Foul Ball, location: 2F 0-2: Ball 1-2: Strikes out swinging
|
Batting: RHB Tyler Chatwood
|
0-0: Called Strike 0-1: Ball 1-1: Foul Ball, location: 2F 1-2: Ball 2-2: Foul Ball, location: 2F 2-2: Foul Ball, location: 2F 2-2: Strikes out swinging
|
Top of the 5th over - 0 runs, 0 hits, 0 errors, 0 left on base; San Francisco 0 - Arizona 0 |
BOTTOM OF THE 5TH |
Arizona Diamondbacks batting - Pitching for San Francisco Giants : RHP Tyler Chatwood
|
Batting: LHB Josh Reddick
|
0-0: Ball 1-0: Ball 2-0: Ball 3-0: Called Strike 3-1: Called Strike 3-2: Base on Balls
|
Batting: SHB Francisco Mejia
|
0-0: SINGLE (Groundball, P, EV 96.9 MPH) Josh Reddick to second
|
Batting: RHB Trevor Williams
|
0-0: Sac Bunt to P - play at third, runner OUT -> throw to first, DP! Francisco Mejia to second
|
Batting: RHB Ramon Laureano
|
0-0: Called Strike 0-1: 2-RUN HOME RUN (Flyball, 7D, EV 99.4 MPH), Distance : 376 ft
|
Batting: LHB Raimel Tapia
|
0-0: Ball 1-0: Foul Ball, location: 2F 1-1: Ball 2-1: Foul Ball, location: 2F 2-2: Foul Ball, location: 2F 2-2: Ball 3-2: Ground out 4-3 (Groundball, 4, EV 79.4 MPH)
|
Bottom of the 5th over - 2 runs, 2 hits, 0 errors, 0 left on base; San Francisco 0 - Arizona 2 |
TOP OF THE 6TH |
San Francisco Giants batting - Pitching for Arizona Diamondbacks : RHP Trevor Williams
|
Batting: LHB Cavan Biggio
|
0-0: Called Strike 0-1: Ball 1-1: Foul Ball, location: 2F 1-2: Ball 2-2: Ball 3-2: Foul Ball, location: 2F 3-2: Ground out 4-3 (Groundball, 4, EV 85.0 MPH)
|
Batting: RHB Yairo Munoz
|
0-0: Called Strike 0-1: Fly out, F6 (Popup, 6MS, EV 74.4 MPH)
|
Batting: RHB Austin Slater
|
0-0: Ball 1-0: Ball 2-0: Called Strike 2-1: Foul Ball, location: 2F 2-2: Fly out, F9 (Flyball, 9D, EV 90.6 MPH)
|
Top of the 6th over - 0 runs, 0 hits, 0 errors, 0 left on base; San Francisco 0 - Arizona 2 |
BOTTOM OF THE 6TH |
Arizona Diamondbacks batting - Pitching for San Francisco Giants : RHP Tyler Chatwood
|
Batting: RHB Gleyber Torres
|
0-0: Foul Ball, location: 2F 0-1: Ball 1-1: Ball 2-1: Called Strike 2-2: Foul Ball, location: 2F 2-2: Foul Ball, location: 2F 2-2: Foul Ball, location: 2F 2-2: Ball 3-2: Ground out 5-3 (Groundball, 5, EV 87.5 MPH)
|
Batting: RHB Anthony Rendon
|
0-0: Ball 1-0: Called Strike 1-1: Called Strike 1-2: Foul Ball, location: 2F 1-2: Foul Ball, location: 2F 1-2: Fly out, F8 (Flyball, 8LM, EV 93.1 MPH)
|
Batting: RHB Fernando Tatis Jr.
|
0-0: Ball 1-0: Called Strike 1-1: Ball 2-1: Ball 3-1: Foul Ball, location: 2F 3-2: Ground out 6-3 (Groundball, 6, EV 108.1 MPH)
|
Bottom of the 6th over - 0 runs, 0 hits, 0 errors, 0 left on base; San Francisco 0 - Arizona 2 |
TOP OF THE 7TH |
San Francisco Giants batting - Pitching for Arizona Diamondbacks : RHP Trevor Williams
|
Batting: LHB Billy McKinney
|
0-0: Ball 1-0: Fly out, F5 (Popup, 56, EV 62.5 MPH)
|
Batting: RHB Welington Castillo
|
0-0: Called Strike 0-1: Fly out, F3 (Popup, 23F, EV 90.6 MPH)
|
Batting: LHB Ryan Schimpf
|
0-0: Foul Ball, location: 2F 0-1: Ball 1-1: Fly out, F8 (Flyball, 8RD, EV 94.4 MPH)
|
Top of the 7th over - 0 runs, 0 hits, 0 errors, 0 left on base; San Francisco 0 - Arizona 2 |
BOTTOM OF THE 7TH |
Arizona Diamondbacks batting - Pitching for San Francisco Giants : RHP Tyler Chatwood
|
Pitching: RHP Joakim Soria
|
|
Batting: LHB Ryan McMahon
|
0-0: Called Strike 0-1: Called Strike 0-2: Ball 1-2: Ball 2-2: Ball 3-2: Ground out 4-3 (Groundball, 34, EV 78.1 MPH)
|
Batting: LHB Josh Reddick
|
0-0: Fly out, F7 (Flyball, 7LD, EV 106.9 MPH)
|
Batting: SHB Francisco Mejia
|
0-0: Foul Ball, location: 2F 0-1: Ball 1-1: Ball 2-1: Fly out, F7 (Line Drive, 7, EV 88.8 MPH)
|
Bottom of the 7th over - 0 runs, 0 hits, 0 errors, 0 left on base; San Francisco 0 - Arizona 2 |
TOP OF THE 8TH |
San Francisco Giants batting - Pitching for Arizona Diamondbacks : RHP Trevor Williams
|
Pitching: RHP Blake Treinen
|
|
Batting: RHB David Bote
|
0-0: Ball 1-0: Ball 2-0: Ball 3-0: Base on Balls
|
Batting: LHB Steven Duggar
|
0-0: Called Strike 0-1: Reached on error, E6 (Groundball, 6, EV 88.8 MPH) David Bote to second
|
Pinch Hitting: LHB Rougned Odor
|
0-0: Swinging Strike 0-1: Ball 1-1: SINGLE (Line Drive, 8RS, EV 110.0 MPH) David Bote to third Steven Duggar to second
|
Batting: LHB Cavan Biggio
|
0-0: Ball 1-0: Foul Ball, location: 2F 1-1: Ball 2-1: Grounds into double play, 4-2-3 (Groundball, 4M, EV 101.9 MPH) Steven Duggar to third Rougned Odor to second
|
Batting: RHB Yairo Munoz
|
0-0: Ball 1-0: Foul Ball, location: 2F 1-1: Ball 2-1: Ball 3-1: Foul Ball, location: 2F 3-2: Strikes out swinging
|
Top of the 8th over - 0 runs, 1 hit, 1 error, 2 left on base; San Francisco 0 - Arizona 2 |
BOTTOM OF THE 8TH |
Arizona Diamondbacks batting - Pitching for San Francisco Giants : RHP Joakim Soria
|
Pitching: RHP Tommy Hunter
|
|
Pinch Hitting: LHB Alex Verdugo
|
0-0: Swinging Strike 0-1: Ball 1-1: Called Strike 1-2: Ground out 6-3 (Groundball, 6, EV 98.1 MPH)
|
Batting: RHB Ramon Laureano
|
0-0: Ball 1-0: Swinging Strike 1-1: Ball 2-1: Ball 3-1: Called Strike 3-2: Strikes out swinging
|
Batting: LHB Raimel Tapia
|
0-0: SINGLE (Line Drive, 9LS, EV 105.6 MPH)
|
Batting: RHB Gleyber Torres
|
0-0: Ball Balk! Raimel Tapia to second 1-0: Called Strike 1-1: Ball 2-1: Ball 3-1: Base on Balls
|
Batting: RHB Anthony Rendon
|
0-0: Foul Ball, location: 2F 0-1: Ground out 4-3 (Groundball, 4, EV 90.0 MPH)
|
Bottom of the 8th over - 0 runs, 1 hit, 0 errors, 2 left on base; San Francisco 0 - Arizona 2 |
TOP OF THE 9TH |
San Francisco Giants batting - Pitching for Arizona Diamondbacks : RHP Blake Treinen
|
Pitching: RHP Keone Kela
|
|
Now in CF: Socrates Brito
|
|
Batting: RHB Austin Slater
|
0-0: Called Strike 0-1: Swinging Strike 0-2: Ball 1-2: Foul Ball, location: 2F 1-2: Strikes out swinging
|
Batting: LHB Billy McKinney
|
0-0: Ball 1-0: Ball 2-0: Foul Ball, location: 2F 2-1: Ground out 5-3 (Groundball, 56, EV 78.8 MPH)
|
Batting: RHB Welington Castillo
|
0-0: Ball 1-0: Fly out, F6 (Line Drive, 6, EV 70.0 MPH)
|
Top of the 9th over - 0 runs, 0 hits, 0 errors, 0 left on base; San Francisco 0 - Arizona 2 |
|